Map: Abyssal Reef LE

Players

Musumeci

  • Race: Zerg Zerg
  • League: Diamond
  • Spawn Location: 5:00

FatalBoy - Winner!

  • Race: Protoss Protoss
  • League: Diamond
  • Spawn Location: 11:00

VOD

Have the link to the VOD?

Description

Time

  • Played on: April 3, 2017, 11:03 a.m.
  • Length: 11:53
Show
View Real Time Build Order
Export as new Build Order

Musumeci Zerg 

Build Orders: Pool First 

Get SALT Encoding   

  12  0:02  Drone  
  13  0:08  Drone  
  14  0:16  Overlord  
  14  0:36  Drone x3  
  17  1:11  Spawning Pool  
  17  1:15  Drone x3  
  17  1:16  Extractor  
  18  1:32  Drone  
  19  1:35  Hatchery  
  19  1:38  Drone  
  19  1:47  Overlord  
  19  2:03  Drone  
  19  2:07  Queen  
  22  2:10  Drone  
  23  2:20  Zergling x2  
  24  2:31  Zergling x2  
  21  3:04  Drone x2  
  21  3:05  Queen, Drone x3  
  26  3:09  Metabolic Boost  
  26  3:17  Drone  
  26  3:18  Drone  
  28  3:25  Queen  
  29  3:27  Zergling x2  
  29  3:28  Zergling x2  
  30  3:35  Zergling x2  
  31  3:50  Hatchery  
  31  3:53  Zergling x8  
  29  4:14  Zergling x10  
  34  4:22  Evolution Chamber  
  32  4:43  Overlord x2  
  32  4:44  Overlord  
  27  5:03  Zergling x12  
  33  5:13  Zerg Melee Weapons Level 1  
  33  5:14  Evolution Chamber  
  33  5:21  Zergling x8  
  36  5:25  Zergling x2  
  36  5:26  Zergling x4  
  39  5:44  Zergling x12  
  39  5:45  Zergling x2  
  45  5:58  Roach Warren  
  44  6:16  Zergling x2  
  44  6:17  Zergling x10  
  50  6:24  Spore Crawler  
  48  6:38  Drone x2  
  50  6:48  Overlord  
  50  6:58  Spore Crawler  
  49  7:11  Drone  
  49  7:12  Drone x7  
  56  7:22  Drone  
  57  7:23  Baneling Nest  
  56  7:31  Spore Crawler  
  56  7:33  Drone  
  56  7:41  Drone  
  56  7:42  Drone  
  58  7:51  Overlord x3  
  57  8:11  Zergling x14  
  57  8:12  Zergling x4  
  66  8:19  Baneling x8  
  66  8:20  Baneling  
  66  8:21  Baneling  
  66  8:22  Baneling  
  63  8:47  Zergling x14  
  63  8:48  Zergling x12  
  45  9:02  Drone x8  
  53  9:14  Drone  
  53  9:15  Drone x5  
  59  9:19  Extractor  
  59  9:22  Lair  
  57  9:43  Drone x5  
  57  9:44  Drone  
  63  9:47  Zerg Ground Armor Level 1  
  63  9:51  Zergling x14  
  70  10:03  Zergling x14  
  70  10:06  Baneling x7  
  77  10:17  Zergling x10  
  77  10:19  Overseer  
  77  10:21  Overlord x2  
  82  10:39  Queen  
  82  10:41  Hatchery  
  83  10:43  Spire  
  83  10:45  Drone x5  
  83  10:46  Drone  
  83  10:48  Extractor  
  78  10:59  Zergling x2  
  78  11:00  Zergling x18  
  77  11:06  Baneling x3  
  77  11:09  Spore Crawler  
  77  11:10  Spore Crawler  
  77  11:11  Spore Crawler  
  74  11:13  Baneling x2  
  64  11:26  Baneling x4  
  64  11:30  Baneling x3  
  51  11:37  Extractor  
Show
View Real Time Build Order
Export as new Build Order

FatalBoy Protoss - Winner!

Build Orders:  

Get SALT Encoding   

  12  0:01  Probe (Chrono Boost)  
  13  0:11  Probe (Chrono Boost)  
  14  0:17  Pylon  
  14  0:23  Probe (Chrono Boost)  
  15  0:35  Probe (Chrono Boost)  
  16  0:38  Gateway  
  16  0:46  Probe (Chrono Boost)  
  16  0:49  Assimilator  
  17  0:56  Probe (Chrono Boost)  
  18  1:06  Pylon  
  18  1:07  Probe (Chrono Boost)  
  19  1:17  Probe (Chrono Boost)  
  20  1:32  Zealot  
  20  1:33  Cybernetics Core  
  23  1:41  Probe (Chrono Boost)  
  23  1:42  Assimilator  
  23  1:49  Pylon  
  23  1:56  Gateway  
  23  2:11  Mothership Core (Chrono Boost)  
  23  2:15  Adept  
  27  2:27  Warp Gate  
  27  2:33  Probe (Chrono Boost)  
  27  2:38  Adept  
  27  3:08  Probe (Chrono Boost)  
  28  3:16  Nexus  
  28  3:18  Pylon  
  28  3:33  Stalker  
  28  3:38  Probe (Chrono Boost)  
  31  4:06  Gateway  
  31  4:07  Stalker, Gateway  
  31  4:29  Probe x2 (Chrono Boost)  
  33  4:39  Probe x2 (Chrono Boost)  
  35  4:48  Stalker  
  35  4:49  Stalker  
  39  5:00  Probe x2 (Chrono Boost)  
  39  5:04  Stargate  
  41  5:11  Pylon  
  41  5:17  Adept x2  
  45  5:21  Twilight Council  
  45  5:23  Probe (Chrono Boost)  
  46  5:29  Probe (Chrono Boost)  
  46  5:31  Adept x2  
  46  5:33  Probe (Chrono Boost)  
  52  5:40  Probe (Chrono Boost)  
  53  5:44  Probe (Chrono Boost)  
  54  5:55  Pylon  
  54  5:56  Pylon  
  54  5:58  Assimilator, Resonating Glaives  
  54  6:00  Assimilator  
  54  6:07  Void Ray  
  54  6:14  Probe (Chrono Boost)  
  54  6:15  Probe (Chrono Boost)  
  54  6:18  Adept x4  
  68  6:24  Probe (Chrono Boost)  
  69  6:47  Pylon  
  69  6:49  Probe (Chrono Boost)  
  69  6:50  Pylon  
  70  6:59  Void Ray  
  70  7:06  Probe (Chrono Boost)  
  70  7:07  Adept, Probe (Chrono Boost)  
  70  7:08  Adept x3  
  84  7:25  Gateway  
  84  7:29  Stargate  
  84  7:31  Protoss Air Weapons Level 1  
  84  7:32  Probe (Chrono Boost)  
  84  7:33  Fleet Beacon  
  84  7:34  Probe (Chrono Boost)  
  86  8:08  Nexus  
  86  8:09  Pylon  
  86  8:16  Carrier  
  86  8:19  Pylon  
  86  8:21  Pylon  
  86  8:25  Carrier  
  80  8:52  Nexus  
  80  8:53  Adept x4  
  80  8:54  Pylon  
  78  9:14  Adept x2  
  78  9:16  Adept  
  90  9:28  Adept x2  
  94  9:38  Adept x2  
  96  9:40  Adept  
  100  9:48  Graviton Catapult  
  100  10:01  Adept  
  100  10:02  Adept  
  104  10:12  Adept x3  
  110  10:20  Carrier  
  113  10:21  Probe (Chrono Boost)  
  113  10:22  Probe x2 (Chrono Boost)  
  113  10:34  Probe (Chrono Boost)  
  114  11:04  Adept  
  114  11:05  Adept x4  
  117  11:48  Assimilator  
  117  11:53  Pylon, Assimilator  
Tags
 
Matchup
PvZ
Opening
Pool First
Replay Pack
replay pack
Spawn Locations
Cross Positions
Add a new tag
Caveats
  • Supply blocks, unpowered buildings, or Contaminate may cause inaccurate times.
  • Supply counts are checked every 10 seconds.